 Dungeon Crawl Stone Soup version 0.31-a0-986-g5e6e4ef867 (webtiles) character file.

Game seed: 14726861335237227072

2783 FakeRyeBread the Grappler (level 9, -13/84 (89) HPs)
             Began as a Troll Fighter on Nov 9, 2023.
             Mangled by an orc knight
             ... wielding a +0 halberd
              (20 damage)
             ... in a bailey.
             The game lasted 00:17:28 (5190 turns).

FakeRyeBread the Grappler (Troll Fighter)           Turns: 5190, Time: 00:17:28

HP:   -13/84 (89)   AC:  7    Str: 26    XL:     9   Next: 43%
MP:   8/8           EV:  9    Int:  8    God:
Gold: 1051          SH: 10    Dex:  9    Spells: 8/8 levels left

rFire   . .          .
                       - Unarmed
rCold   . . .        b - +1 kite shield
rNeg    . . .        s - +0 steam dragon scales
rPois   .            (helmet restricted)
rElec   .            (no cloak)
rCorr   +            (gloves unavailable)
SInv    .            (boots unavailable)
Will    .....        (no amulet)
Stlth   +            m - ring of resist corrosion
HPRegen 1.14/turn    (no ring)
MPRegen 0.11/turn

%: no passive effects
@: about to teleport, studying Staves, drained
A: large, unfitting armour, claws 3, regeneration 1, shaggy fur 1, tough skin 1
a: no special abilities


You were in a bailey.
You visited 2 branches of the dungeon, and saw 8 of its levels.
You also visited: Bailey.

You collected 1051 gold pieces.

Inventory:

Missiles
 v - 5 boomerangs
Armour
 b - a +1 kite shield (worn)
 s - +0 steam dragon scales (worn)
Jewellery
 k - an amulet of magic regeneration
 m - a ring of resist corrosion (left claw)
Wands
 o - a wand of mindburst (16) (quivered)
Scrolls
 d - a scroll of revelation {unknown}
 h - 3 scrolls of teleportation
 u - a scroll of fog
Potions
 a - a potion of resistance {unknown}
 c - a potion of might
 f - a potion of brilliance {unknown}
 g - 2 potions of enlightenment
 i - a potion of haste {unknown}
 j - a potion of heal wounds {unknown}
 l - 3 potions of lignification
 n - 2 potions of invisibility
 p - 2 potions of mutation {unknown}
 q - a potion of attraction {unknown}
 r - a potion of cancellation {unknown}
 t - a potion of magic {unknown}


   Skills:
 + Level 5.8 Fighting
 + Level 3.1 Dodging
 + Level 6.4 Shields
 * Level 9.3 Unarmed Combat


You had 8 spell levels left.
You didn't know any spells.
Your spell library contained the following spells:

 Spells                   Type           Power      Damage    Failure   Level
 Blink                    Tloc           0%         N/A       77%         2
 Lesser Beckoning         Tloc           0%         N/A       77%         2
 Momentum Strike          Conj/Tloc      0%         3d8       77%         2
 Poisonous Vapours        Pois/Air       0%         N/A       77%         2
 Mephitic Cloud           Conj/Pois/Air  0%         N/A       94%         3
 Leda's Liquefaction      Hex/Erth       0%         N/A       100%        4
 Freezing Cloud           Conj/Ice/Air   0%         6-21      100%        5
 Lee's Rapid Deconstruct  Erth           0%         3d4*      100%        5
 Bombard                  Conj/Erth      0%         9d1       100%        6


Dungeon Overview and Level Annotations

Branches:
Dungeon (7/15)             Temple (1/1) D:5          Bailey (1/1)

Altars:
Ashenzari
Cheibriados
Dithmenos
Elyvilon
Gozag
Hepliaklqana
Kikubaaqudgha
Makhleb
Nemelex Xobeh
Ru
Sif Muna
Trog
Uskayaw
Vehumet
Xom
Yredelemnul
The Shining One


Innate Abilities, Weirdness & Mutations

You are too large for most types of armour.
You have claws for hands.
Your natural rate of healing is unusually fast.
You are covered in fur. (AC +1)
You have tough skin. (AC +1)


Message History

The orc warrior is almost dead.
The orc knight roars a battlecry!
The orc warrior goes into a battle-frenzy!
The orc warrior hits you with a +0 halberd!!
You claw the orc warrior!
You kill the orc warrior!
You block the orc knight's attack.
The orc knight attacks as it pursues you!
You block the orc knight's attack.
Things that are here:
a +0 halberd; a +0 scale mail; an orc corpse The orc knight hits you with a +0 halberd!
You scratch the orc knight but do no damage.
You block the orc knight's attack.
You claw the orc knight!
The orc knight is moderately wounded.
The orc knight hits you with a +0 halberd!
You closely miss the orc knight.
The orc knight is moderately wounded.
You closely miss the orc knight.
The orc knight is moderately wounded.
The orc knight barely misses you.
You barely miss the orc knight.
The orc knight is moderately wounded.
The orc knight hits you with a +0 halberd!!
* * * LOW HITPOINT WARNING * * *
You mangle the orc knight!!
The orc knight is heavily wounded.
The orc knight hits you with a +0 halberd!!
* * * LOW HITPOINT WARNING * * *
You feel better.
The orc knight hits you with a +0 halberd.
* * * LOW HITPOINT WARNING * * *
You feel better.
The orc knight hits you with a +0 halberd!
* * * LOW HITPOINT WARNING * * *
As you read the scroll of teleportation, it crumbles to dust.
You feel strangely unstable. The orc knight closely misses you.
The orc knight hits you from afar with a +0 halberd!!
You die...

#.~~..## ≈≈...§§ #.~..##
.§≈§≈ #.~.## ...
#.~.#########'# #+### ####
#.~.).)..)...## ....##....
#.~~)~~~~~~~..##.∩.##..~~~
#..........~~..## #..~~..
##########..~~o.###..~~..#
##..~~)@...~~..#
##..~~~~~~~..##
##.........## ###########


You could see an orc knight.

Vanquished Creatures
  2 steam dragons
  2 black bears (D:6)
  2 orc warriors (Bailey)
  2 sky beasts (D:6)
  2 ice beasts (D:6)
  3 ogres
  A phantom (D:4)
  A kobold brigand (D:7)
  A bullfrog (D:7)
  A gnoll sergeant (D:5)
  A scorpion (D:4)
  7 wights (D:7)
  3 orc priests
  6 hounds
  A sleepcap (D:4)
  A gnoll bouda (D:6)
  Ijyb (D:3)
  3 iguanas
  3 orc wizards
  Robin (D:3)
  8 gnolls
  6 adders
  2 shadow imps
  A white imp (D:6)
  4 ufetubi
  A worm (D:3)
  3 dart slugs
  25 orcs
  4 ball pythons
  6 bats
  7 endoplasms
  7 giant cockroaches
  20 goblins
  11 hobgoblins
  3 quokkas
  8 frilled lizards
  16 kobolds
  8 rats
184 creatures vanquished.

Notes
Turn   | Place    | Note
-------+----------+-------------------------------------------
     0 | D:1      | FakeRyeBread the Troll Fighter began the quest for the Orb.
     0 | D:1      | Reached XP level 1. HP: 22/22 MP: 0/0
   135 | D:1      | Reached XP level 2. HP: 29/29 MP: 1/1
   293 | D:1      | Reached XP level 3. HP: 36/36 MP: 2/2
   310 | D:1      | Reached skill level 3 in Unarmed Combat
  1095 | D:2      | Reached XP level 4. HP: 44/44 MP: 3/3
  1322 | D:3      | Noticed Robin
  1339 | D:3      | Killed Robin
  1369 | D:3      | Reached skill level 4 in Unarmed Combat
  1370 | D:3      | Reached XP level 5. HP: 23/53 MP: 4/4
  1467 | D:3      | Noticed Ijyb
  1479 | D:3      | Killed Ijyb
  1733 | D:3      | Identified the +1 ring mail "Emattiosil" {rElec}
  2211 | D:4      | Identified the +1 ring mail of Hospitality {rN+}
  2219 | D:4      | Found a sacrificial altar of Ru.
  2321 | D:4      | Reached XP level 6. HP: 54/61 MP: 5/5
  2374 | D:4      | Reached skill level 5 in Unarmed Combat
  2430 | D:4      | Found a snail-covered altar of Cheibriados.
  2430 | D:4      | Found a bloodstained altar of Trog.
  2785 | D:5      | Entered Level 5 of the Dungeon
  2893 | D:5      | Found a staircase to the Ecumenical Temple.
  2912 | Temple   | Entered the Ecumenical Temple
  3008 | D:5      | Reached XP level 7. HP: 54/70 MP: 6/6
  3043 | D:5      | Reached skill level 6 in Unarmed Combat
  3178 | D:5      | Noticed a steam dragon
  3183 | D:5      | Killed a steam dragon
  3496 | D:6      | Found a shimmering blue altar of Sif Muna.
  3612 | D:6      | Reached skill level 5 in Shields
  3612 | D:6      | Reached XP level 8. HP: 72/79 MP: 7/7
  3632 | D:6      | Reached skill level 7 in Unarmed Combat
  3643 | D:6      | Identified the +0 spear of the Sky {elec, rElec SInv}
  3707 | D:5      | Identified a scroll of acquirement
  3707 | D:5      | Acquired 762 gold pieces
  3867 | D:6      | Found a hazy altar of Hepliaklqana.
  3870 | D:6      | Reached skill level 5 in Fighting
  4023 | D:6      | Reached skill level 8 in Unarmed Combat
  4717 | D:7      | Reached XP level 9. HP: 86/88 MP: 8/8
  4748 | D:7      | HP: 3/77 [wight/+1 halberd (6)]
  4818 | D:7      | Reached skill level 9 in Unarmed Combat
  5001 | D:7      | Found a flagged portal.
  5016 | Bailey   | Entered a bailey
  5112 | Bailey   | Noticed an orc knight
  5112 | Bailey   | Noticed an orc knight
  5186 | Bailey   | HP: 4/84 [orc knight/+0 halberd (20)]
  5190 | Bailey   | Mangled by an orc knight

Illustrated notes

Levels and vault maps discovered:
D:1:      spicycebolla_arrival_clurvy, layout_rooms, serial_forest,
          infiniplex_forest_clump_diagonal, infiniplex_forest_lined_room_3,
          infiniplex_forest_clump_medium, infiniplex_forest_lined_3,
          infiniplex_forest_straight_5, infiniplex_forest_lined_3_way,
          infiniplex_forest_fountain
D:2:      layout_loops_ring
D:3:      layout_basic, uniq_robin, uniq_ijyb
D:4:      layout_cave_pools, nicolae_ru_sacrificial_ziggurat,
          mainiacjoe_overflow_large_starburst, chequers_serial_rivers_small_3,
          kennysheep_generic_room_16
D:5:      layout_rooms, minmay_temple_entry_gardened_gates
D:6:      layout_basic, nicolae_sif_muna_condensation, old_standard_altar,
          minmay_manual_mail
D:7:      layout_rooms, enter_bailey_4, uniq_crazy_yiuf_cottage, uniq_duvessa
Temple:   nicolae_temple_godzebo
Bailey:   bailey_polearm_1, bailey

Skill      XL: |  1  2  3  4  5  6  7  8  9 |
---------------+----------------------------+-----
Shields        | 3 4 5 6 |  6.4
Unarmed Combat | 3 4 5 6 8 9 |  9.3
Fighting       | 3 4 5 |  5.8
Dodging        | 3 |  3.1

Action                     |  1- 3 |  4- 6 |  7- 9 || total
---------------------------+-------+-------+-------++-------
  Melee: Unarmed           |   120 |   136 |   245 ||   501
  Evoke: Wand              |       |     1 |     3 ||     4
    Use: Scroll            |       |    10 |     6 ||    16
         Potion            |       |       |     5 ||     5
 Armour: Robe              |    76 |    75 |     9 ||   160
         Steam dragon scal |       |       |   177 ||   177
  Dodge: Dodged            |    39 |    41 |   102 ||   182
  Block: Kite shield       |    45 |    43 |   138 ||   226

Table legend: (Time is in decaauts)
 A = Elapsed time spent in this place.
 B = Non-inter-level travel time spent in this place.
 C = Inter-level travel time spent in this place.
 D = Time resting spent in this place.
 E = Time spent auto-exploring this place.
 F = Levels seen in this place.
 G = Mean time per level.
                   A        B        C        D        E       F      G
               +--------+--------+--------+--------+--------+-----+--------+
         Total |   5194 |   4378 |    816 |    251 |   2764 |   9 |  577.1 |
       Dungeon |   4960 |   4205 |    755 |    233 |   2764 |   7 |  708.6 |
        Temple |     62 |      1 |     61 |      0 |      0 |   1 |   62.0 |
        Bailey |    171 |    171 |      0 |     18 |      0 |   1 |  171.0 |
               +--------+--------+--------+--------+--------+-----+--------+

Top non-repeatable levels by time:
     D:6: 1272 daAuts
     D:3: 860 daAuts
     D:2: 711 daAuts
     D:5: 686 daAuts
     D:1: 616 daAuts
     D:4: 610 daAuts
     D:7: 204 daAuts
  Bailey: 171 daAuts
  Temple: 62 daAuts
